cohdb
Replays
Latest Replays
All Replays
Popular Replays
Top Player Replays
Match Explorer
How It Works
Community
CoH3 Stats
Reddit
Sign in to upload your games and track your stats! →
Sign in with Steam
Match 47135129
Unlisted
Match 47135129
Overview
Messages
Build Orders
End
Construct Section Command Post
Royal Engineer Section
Selects Canadian Shock Battlegroup
Infantry Section
Vickers Machine Gun Team
Infantry Section
Selects Attacking Spirit
Selects Canadian Shock Section
Infantry Section
Construct Platoon Command Post
Infantry Training
Humber Armored Car
Selects Incendiary Munitions
Grenade Package
Selects Pyrotechnics
Construct Company Command Post
Crusader II Medium Tank
Selects Point Assault
Construct Field Infirmary
Foot Guards Section
Matilda II Heavy Tank
Selects Demolition Engineering
Matilda II Heavy Tank
Foot Guards Section
Crusader II Medium Tank
Crusader II Medium Tank
Crusader II Medium Tank
Unlock M3 Grant Medium Tanks
M3 Grant Medium Tank
M3 Grant Medium Tank
Armored Vehicle Training
Foot Guards Section
M3 Grant Medium Tank
Point Assault
Foot Guards Section
Crusader II Medium Tank
Crusader II Medium Tank
Bootyquake
Light
0
0
Comments
sign in to comment!
No comments posted yet!